 Dungeon Crawl Stone Soup version 0.19.0 (webtiles) character file.

4019 TheGoonsmith the Cleaver (level 10, -3/92 HPs)
             Began as a Hill Orc Gladiator on Nov 15, 2016.
             Was a Believer of Uskayaw.
             Slain by an orc knight
             ... wielding a +0 war axe
              (18 damage)
             ... in a bailey.
             The game lasted 00:12:57 (8551 turns).

TheGoonsmith the Cleaver (Hill Orc Gladiator)       Turns: 8551, Time: 00:12:58

Health: -3/92      AC: 10    Str: 22    XL:     10   Next: 23%
Magic:  15/15      EV: 10    Int:  8    God:    Uskayaw [**....]
Gold:   268        SH:  4    Dex: 11    Spells: 0 memorised, 9 levels left

rFire  . . .     SeeInvis .     D - +0 battleaxe
rCold  . . .     Gourm    .     F - +0 scale mail {MR+}
rNeg   . . .     Faith    .     (shield currently unavailable)
rPois  .         Spirit   .     c - +0 helmet
rElec  .         Reflect  +     (no cloak)
rCorr  .         Harm     .     (no gloves)
MR     +....                    (no boots)
Stlth  ..........               E - +4 amulet of reflection
                                k - ring of wizardry
                                q - +3 ring of protection

@: no status effects
A: no striking features
a: Stomp, Line Pass, Renounce Religion


You were in a bailey.
You worshipped Uskayaw.
Uskayaw was noncommittal.
You were not hungry.

You visited 2 branches of the dungeon, and saw 10 of its levels.
You also visited: Bailey.

You collected 443 gold pieces.
You spent 175 gold pieces at shops.

Inventory:

Hand Weapons
 D - a +0 battleaxe (weapon)
Missiles
 d - 4 throwing nets (quivered)
 G - 6 javelins
Armour
 b - a +0 leather armour
 c - a +0 helmet (worn)
 e - a +0 scale mail
 s - a +0 chain mail
 w - a +0 plate armour
 F - a +0 scale mail of magic resistance (worn)
Jewellery
 k - a ring of wizardry (right hand)
 q - a +3 ring of protection (left hand)
 E - a +4 amulet of reflection (around neck)
Wands
 p - a wand of disintegration (3/24)
 t - a wand of iceblast (13/15)
 y - a wand of flame (14/48)
Scrolls
 g - 4 scrolls of teleportation
 h - 2 scrolls of blinking
 i - 2 scrolls of remove curse
 r - 8 scrolls of identify
 x - a scroll of magic mapping
 A - a scroll of amnesia
 C - 2 scrolls of summoning
Potions
 m - 2 potions of heal wounds
 n - 2 potions of agility
 o - 6 potions of resistance
 u - 2 potions of haste
 v - a potion of mutation
 z - a potion of flight
Books
 a - a book of Minor Magic

   Spells                             Type                      Level
   a - Magic Dart                     Conjuration                  1
   b - Blink                          Translocation                2
   c - Call Imp                       Summoning                    2
   d - Repel Missiles                 Charms/Air                   2
   e - Slow                           Hexes                        2
   f - Conjure Flame                  Conjuration/Fire             3
   g - Mephitic Cloud                 Conjuration/Poison/Air       3
Comestibles
 f - 7 bread rations
 j - a beef jerky
 l - 4 fruits
 B - 4 chunks of flesh


   Skills:
 + Level 9.7 Fighting
 * Level 13.9 Axes
 - Level 1.7 Throwing
 - Level 2.4 Dodging
 + Level 7.3 Invocations


You had 9 spell levels left.
You didn't know any spells.

Dungeon Overview and Level Annotations

Branches:
Dungeon (9/15)             Temple (1/1) D:5            Lair (0/6) D:8
    Orc: D:9-12

Altars:
Ashenzari
Elyvilon
Fedhas
Gozag
Hepliaklqana
Kikubaaqudgha
Makhleb
Nemelex Xobeh
Okawaru
Qazlal
Ru
Sif Muna
Trog
Uskayaw
Vehumet
Xom
Yredelemnul
Zin
The Shining One

Shops:
D:7 (


Message History

You are too injured to fight recklessly!
You closely miss the orc knight.
The orc knight is heavily wounded.
The orc knight barely misses you.
You hit the orc knight.
The orc knight is heavily wounded.
The orc knight hits you with a war axe!
* * * LOW HITPOINT WARNING * * *
Okay, then.
Okay, then.
You closely miss the orc knight.
The orc knight is heavily wounded.
The orc knight hits you but does no damage.
You slice the orc knight!!
The orc knight is almost dead.
You can now pass through a line of other dancers.
You barely miss the orc knight.
The orc knight is almost dead.
The orc knight hits you with a war axe!!
You die...

#≈≈≈≈≈# #≈≈≈≈≈###
#≈≈≈≈≈≈.#
######.≈≈≈≈≈.#
#......≈≈≈≈≈.#++####
###......≈≈≈≈≈.#.....#
#..............'.....#
#∩..∩..........').⌠..#
#.............@o)....#
###......≈≈≈≈≈.#.....#
#......≈≈≈≈≈.#++####
######.≈≈≈≈≈.#
#≈≈≈≈≈≈.# #≈≈≈≈≈###
#≈≈≈≈≈# #≈≈≈≈≈#
#≈≈≈≈≈#


You could see an orc knight.

Vanquished Creatures
  A hornet (D:8)
  A two-headed ogre (D:8)
  2 hippogriffs (D:7)
  Sigmund (D:6)
  A hungry ghost (D:8)
  A water moccasin (D:8)
  Duvessa (D:4)
  2 ice beasts
  A sky beast (D:6)
  2 black bears (D:7)
  A phantom (D:5)
  2 ogres
  2 centaurs (D:6)
  2 bullfrogs
  A gnoll sergeant (D:5)
  Dowan (D:4)
  2 scorpions
  5 wights (D:8)
  2 crimson imps (D:5)
  A bullfrog zombie (D:7)
  A quasit (D:6)
  3 hounds (D:5)
  A gnoll shaman (D:4)
  8 orc priests
  3 iguanas
  3 jellies
  4 orc wizards
  2 bullfrog skeletons (D:4)
  4 worker ants
  A mummy (D:7)
  11 adders
  13 gnolls
  4 shadow imps
  An ooze (D:2)
  An adder skeleton (D:7)
  6 worms
  3 dart slugs
  7 leopard geckos
  21 orcs
  2 ball pythons
  7 bats
  3 giant cockroaches
  12 goblins
  11 hobgoblins
  11 jackals
  10 kobolds
  2 quokkas
  2 frilled lizards
  A jackal skeleton (D:4)
  3 kobold zombies (D:7)
  A leopard gecko skeleton (D:4)
  An orc zombie (D:7)
  A quokka skeleton (D:6)
  9 rats
205 creatures vanquished.

Notes
Turn   | Place    | Note
-------+----------+-------------------------------------------
     0 | D:1      | TheGoonsmith the Hill Orc Gladiator began the quest for the Orb.
     0 | D:1      | Reached XP level 1. HP: 18/18 MP: 1/1
   305 | D:1      | Reached XP level 2. HP: 25/25 MP: 2/2
   861 | D:2      | Reached skill level 5 in Axes
   861 | D:2      | Reached XP level 3. HP: 23/31 MP: 3/3
  1318 | D:2      | Found a shattered altar of Ashenzari.
  1391 | D:2      | Reached XP level 4. HP: 32/40 MP: 4/4
  2132 | D:3      | Reached skill level 6 in Axes
  2313 | D:3      | Found a deep blue altar of Sif Muna.
  2314 | D:3      | Found an iron altar of Okawaru.
  2484 | D:2      | Reached XP level 5. HP: 46/46 MP: 5/5
  3221 | D:5      | Entered Level 5 of the Dungeon
  3238 | D:4      | Reached skill level 7 in Axes
  3242 | D:4      | Reached XP level 6. HP: 53/53 MP: 6/6
  3287 | D:4      | Reached skill level 5 in Fighting
  3389 | D:4      | Noticed Duvessa
  3390 | D:4      | Noticed Dowan
  3401 | D:4      | Killed Duvessa
  3401 | D:4      | Reached skill level 8 in Axes
  3402 | D:4      | Killed Dowan
  3402 | D:4      | Reached XP level 7. HP: 38/61 MP: 7/7
  3716 | D:4      | Reached skill level 9 in Axes
  4628 | D:5      | Reached skill level 10 in Axes
  4628 | D:5      | Reached XP level 8. HP: 31/71 MP: 8/8
  4846 | D:5      | Found a staircase to the Ecumenical Temple.
  4855 | Temple   | Entered the Ecumenical Temple
  5064 | Temple   | Became a worshipper of Uskayaw the Reveler
  5079 | D:5      | Reached * piety under Uskayaw
  5091 | D:5      | Reached skill level 1 in Invocations
  5091 | D:5      | Reached ** piety under Uskayaw
  5209 | D:5      | Reached *** piety under Uskayaw
  5215 | D:5      | Reached **** piety under Uskayaw
  5689 | D:6      | Noticed Sigmund
  5701 | D:5      | Reached skill level 11 in Axes
  5906 | D:6      | Identified a scroll of acquirement
  5995 | D:6      | Killed Sigmund
  6091 | D:6      | Found a basalt altar of Yredelemnul.
  6095 | D:6      | Found a sacrificial altar of Ru.
  6095 | D:6      | Found a blossoming altar of Fedhas.
  6108 | D:6      | Found an opulent altar of Gozag.
  6112 | D:6      | Found a white marble altar of Elyvilon.
  6188 | D:6      | Reached XP level 9. HP: 79/81 MP: 10/12
  6232 | D:6      | Found a glowing golden altar of the Shining One.
  6832 | D:7      | Found an ancient bone altar of Kikubaaqudgha.
  6851 | D:7      | Reached skill level 12 in Axes
  6896 | D:7      | Reached skill level 5 in Invocations
  7090 | D:7      | Found Etuth's Antique Weapon Emporium.
  7093 | D:7      | Bought a battleaxe for 175 gold pieces
  7469 | D:8      | Found a staircase to the Lair.
  7650 | D:8      | Reached skill level 13 in Axes
  7657 | D:8      | Noticed a hornet
  7660 | D:8      | Killed a hornet
  7881 | D:8      | Noticed a two-headed ogre
  7891 | D:8      | Killed a two-headed ogre
  7891 | D:8      | Reached XP level 10. HP: 44/91 MP: 9/15
  8499 | D:9      | Found a flagged portal.
  8509 | Bailey   | Entered a bailey
  8533 | Bailey   | Noticed an orc knight
  8551 | Bailey   | Slain by an orc knight

Skill      XL: |  1  2  3  4  5  6  7  8  9 10 |
---------------+-------------------------------+-----
Fighting       | 3 4 5 6 7 9 |  9.7
Axes           | 5 6 7 8 10 11 13 | 13.9
Invocations    | 4 6 7 |  7.3
Throwing       | |  1.7
Dodging        | |  2.4

Action                   |  1- 3 |  4- 6 |  7- 9 | 10-12 || total
-------------------------+-------+-------+-------+-------++-------
Melee: War axe           |   114 |   195 |   279 |       ||   588
       Battleaxe         |       |       |    67 |    63 ||   130
Invok: Line Pass         |       |       |     1 |       ||     1
Evoke: Wand              |       |       |     4 |       ||     4
  Use: Potion            |     3 |       |       |       ||     3
       Scroll            |       |     8 |     9 |     1 ||    18
 Stab: Paralysed         |       |       |     9 |     2 ||    11
  Eat: Chunk             |     1 |     7 |    14 |     2 ||    24
       Meat ration       |       |       |       |     1 ||     1
Armor: Leather armour    |    42 |    10 |       |       ||    52
       Skin              |     4 |     8 |       |       ||    12
       Scale mail        |       |    28 |     5 |    16 ||    49
       Chain mail        |       |    55 |   141 |       ||   196
       Plate armour      |       |       |    82 |       ||    82
Dodge: Dodged            |    91 |   108 |   127 |    24 ||   350
Block: Other             |       |       |     5 |     3 ||     8
